Map: Ascension to Aiur LE

Players

Thalandros - Winner!

  • Race: Zerg Zerg
  • Spawn Location: 5:00

Sitaska

  • Race: Zerg Zerg
  • Spawn Location: 11:00

Event: WCS Valencia 2017

VOD

Have the link to the VOD?

Description

Time

  • Played on: July 13, 2017, 7:05 a.m.
  • Length: 4:57

All games in this series

Show
View Real Time Build Order
Export as new Build Order

Thalandros Zerg - Winner!

Build Orders: Hatch First 

Get SALT Encoding   

  12  0:00  Drone  
  13  0:13  Overlord  
  13  0:17  Drone  
  14  0:31  Drone x2  
  16  0:36  Drone  
  17  0:51  Hatchery  
  16  0:57  Drone  
  16  0:58  Drone  
  16  1:01  Extractor  
  17  1:15  Spawning Pool  
  17  1:17  Drone  
  17  1:20  Drone  
  18  1:29  Drone  
  19  1:42  Overlord  
  19  2:02  Zergling x4, Spine Crawler  
  19  2:07  Queen  
  22  2:08  Baneling Nest  
  22  2:11  Zergling x2  
  22  2:12  Zergling x2  
  23  2:16  Zergling x2  
  22  2:35  Metabolic Boost  
  20  2:47  Queen  
  22  2:57  Drone x2  
  24  3:02  Baneling x2  
  24  3:07  Drone  
  25  3:15  Drone x2  
  27  3:27  Queen  
  27  3:32  Drone  
  30  3:40  Overlord  
  28  3:51  Zergling x8  
  28  3:52  Baneling  
  28  3:53  Baneling  
  32  3:59  Drone x2  
  34  4:06  Zergling x4  
  36  4:15  Zergling x6  
  37  4:23  Drone x2  
  39  4:32  Drone  
  39  4:33  Drone  
Show
View Real Time Build Order
Export as new Build Order

Sitaska Zerg 

Build Orders: Pool First 

Get SALT Encoding   

  12  0:01  Drone  
  13  0:09  Extractor  
  12  0:14  Drone  
  13  0:29  Spawning Pool  
  13  0:33  Drone  
  13  0:39  Drone  
  14  0:50  Overlord  
  14  1:15  Metabolic Boost  
  14  1:17  Zergling x6  
  17  1:29  Zergling x2  
  18  1:42  Baneling Nest, Zergling x2  
  18  1:52  Zergling x2  
  19  2:00  Overlord  
  19  2:16  Zergling x2  
  20  2:27  Zergling x2  
  18  2:39  Zergling x2  
  17  2:47  Zergling x2  
  17  2:48  Queen  
  19  3:07  Zergling x4  
  20  3:26  Baneling x2  
  19  3:27  Baneling x2  
  19  3:30  Zergling x4  
  21  3:39  Zergling x2  
  22  3:43  Hatchery  
  20  3:50  Zergling x2  
  21  3:59  Zergling x2  
  22  4:05  Overlord  
  21  4:19  Zergling x2  
  21  4:22  Overlord  
Tags
 
Add a new tag
Caveats
  • Supply blocks, unpowered buildings, or Contaminate may cause inaccurate times.
  • Supply counts are checked every 10 seconds.